[Event "Team 45 45 League T56"]
[Site "Internet Chess Club"]
[Date "2013.04.01"]
[Round "6"]
[White "bookseller"]
[Black "cepheid"]
[Result "1/2-1/2"]
[WhiteElo "1653"]
[BlackElo "1644"]
[Opening "Sicilian: accelerated fianchetto, modern variation"]
[ECO "B34"]
[Time "20:04:21"]
[TimeControl "2700+45"]

1. e4 c5 2. Nf3 g6 3. d4 cxd4 4. Nxd4 Nc6 5. Nc3 Bg7 6. Be3 Nf6 7. Nxc6 bxc6 8.
e5 Ng8 9. f4 Nh6 10. Be2 O-O 11. Qd2 f6 12. O-O-O Qa5 13. exf6 exf6 14. Ne4 Qxa2
15. Qb4 Qe6 16. Bc5 a5 17. Qa3 Qxe4 18. Rhe1 Qxf4+ 19. Kb1 d5 20. Bd6 Qf5 21. h3
Re8 22. Bg4 Rxe1 23. Rxe1 Nxg4 24. Re8+ Kf7 25. Re7+ Kg8 26. Re8+ Bf8 27. Rxf8+
Kg7 28. hxg4 Qf1+ 29. Ka2 Bb7 30. Rxa8 Bxa8 31. Bf8+ Kg8 32. Qe7 Qc4+ 33. Kb1
Qf1+ 34. Ka2 Qc4+ 35. Ka1 Qf1+ 36. Ka2 Qc4+ {Game drawn by repetition} 1/2-1/2

[Event "Team 45 45 League T56"]
[Site "Internet Chess Club"]
[Date "2013.04.01"]
[Round "6"]
[White "dscvdchk"]
[Black "pkraus"]
[Result "0-1"]
[WhiteElo "1515"]
[BlackElo "1583"]
[Opening "Queen's Indian: old main line, 7.Nc3"]
[ECO "E18"]
[Time "18:07:07"]
[TimeControl "2700+45"]

1. d4 Nf6 2. c4 e6 3. Nf3 b6 4. g3 Bb7 5. Bg2 Be7 6. O-O O-O 7. Nc3 c5 8. d5
exd5 9. Ng5 h6 10. Nh3 d6 11. cxd5 Nbd7 12. e4 Nh7 13. f3 Re8 14. Be3 Bf6 15.
Qc2 a5 16. Rfe1 Ba6 17. a4 Rc8 18. Rac1 Ne5 19. Nb5 Qd7 20. Rcd1 Bxb5 21. axb5
Qxb5 22. f4 Ng4 23. Bc1 Bd4+ 24. Kh1 Qd7 25. b3 b5 26. Qb1 Rb8 27. Qa2 Ra8 28.
Qc2 b4 29. Qe2 a4 30. bxa4 Rxa4 31. f5 Ne5 32. Nf2 b3 33. Nd3 Ra2 34. Qf1 Rea8
35. Nxe5 dxe5 36. Re2 b2 37. Bxb2 Rxb2 38. Rxb2 Bxb2 39. Bh3 Nf6 40. Qd3 Bd4 41.
Bg2 Ng4 42. Rd2 Nf2+ 43. Rxf2 Bxf2 44. h3 Bd4 45. Kh2 f6 46. g4 Rc8 47. Qc4 Qd6
48. h4 Rb8 49. Qa4 Rb4 50. Qe8+ Qf8 51. Qe6+ Kh8 52. g5 Qg8 53. Qd7 Rb6 54. g6
c4 55. Bf3 c3 56. Bd1 Rb2+ 57. Kh3 c2 {White resigns} 0-1

[Event "Team 45 45 League T56"]
[Site "Internet Chess Club"]
[Date "2013.03.31"]
[Round "6"]
[White "grattage"]
[Black "Shijith"]
[Result "0-1"]
[WhiteElo "1690"]
[BlackElo "2079"]
[Opening "Grünfeld: modern exchange variation"]
[ECO "D85"]
[Time "11:14:55"]
[TimeControl "2700+45"]

1. d4 Nf6 2. c4 g6 3. Nc3 d5 4. cxd5 Nxd5 5. e4 Nxc3 6. bxc3 Bg7 7. Nf3 c5 8.
Rb1 O-O 9. Be2 Qa5 10. O-O Qxa2 11. Be3 cxd4 12. cxd4 Nc6 13. d5 Rd8 14. Rc1 Bg4
15. Rc2 Qa4 16. Qb1 Bxf3 17. Bxf3 Ne5 18. Rc7 Nxf3+ 19. gxf3 b5 20. Bg5 f6 21.
Be3 Kf8 22. Bc5 Re8 23. d6 exd6 24. Qd3 Kg8 25. Qd5+ Kh8 26. Qb7 Reb8 27. Qd5
dxc5 28. Rd1 Rc8 29. Kg2 h5 30. Rd7 Qc4 31. Qd6 a5 32. Rd5 Re8 33. Qg3 Re5 34.
Qxg6 Rg8 35. Kg3 Rxd5 36. exd5 h4+ 37. Kg2 h3+ 38. Kg3 Qf1 39. Kf4 Qc1+ {White
resigns} 0-1

[Event "Team 45 45 League T56"]
[Site "Internet Chess Club"]
[Date "2013.03.29"]
[Round "6"]
[White "seikster"]
[Black "chrisgu"]
[Result "1-0"]
[WhiteElo "1920"]
[BlackElo "1948"]
[Opening "Robatsch defense"]
[ECO "B06"]
[Time "20:04:07"]
[TimeControl "2700+45"]

1. e4 g6 2. d4 Bg7 3. Nc3 c6 4. Bc4 d6 5. f4 Nf6 6. Bb3 O-O 7. Nf3 Bg4 8. O-O d5
9. e5 Ne4 10. Qe1 Nxc3 11. bxc3 e6 12. Ba3 Re8 13. Bd6 Bf8 14. Bxf8 Rxf8 15. Nd2
h5 16. Qe3 Nd7 17. a4 a5 18. c4 Bf5 19. cxd5 cxd5 20. c4 Nb6 21. c5 Nc8 22. Ra2
Qc7 23. Rc1 Ne7 24. Rb2 Nc6 25. Bd1 Nb4 26. Be2 Rfc8 27. h3 Rd8 28. g4 hxg4 29.
hxg4 Be4 30. Nxe4 dxe4 31. Bb5 Rd5 32. Qxe4 Rad8 33. Rh2 Rxd4 34. Qh1 Rd1+ 35.
Bf1 Rxf1+ 36. Kxf1 Kf8 37. Rh8+ Ke7 38. Qh4+ Kd7 39. Rxd8+ Qxd8 40. Qxd8+ Kxd8
41. Ke2 {Black resigns} 1-0

[Event "Team 45 45 League T56"]
[Site "Internet Chess Club"]
[Date "2013.03.29"]
[Round "6"]
[White "Sqboy13"]
[Black "Nb4"]
[Result "1-0"]
[WhiteElo "1927"]
[BlackElo "1913"]
[Opening "English: Sicilian reversed"]
[ECO "A25"]
[Time "15:01:58"]
[TimeControl "2700+45"]

1. c4 e5 2. Nc3 Nc6 3. g3 f5 4. Bg2 Nf6 5. d3 Bb4 6. Bd2 O-O 7. a3 Bxc3 8. Bxc3
Kh8 9. e3 d5 10. cxd5 Nxd5 11. Ne2 f4 12. gxf4 exf4 13. Bxd5 fxe3 14. Be4 exf2+
15. Kd2 Bh3 16. Ng3 Qg5+ 17. Kc2 h5 18. Qd2 Qxd2+ 19. Kxd2 h4 20. Nf1 Rae8 21.
Ne3 Ne5 22. Ke2 Ng4 23. Bd4 b6 24. Nxg4 Bxg4+ 25. Kf1 Bh3+ 26. Ke2 Bg4+ 27. Ke3
c5 28. Bc3 Bh3 29. Rhf1 Bxf1 30. Rxf1 Kg8 31. Rxf2 Rxf2 32. Kxf2 Rf8+ 33. Kg2
Rf4 34. Be5 Rf8 35. Kh3 Re8 36. Bf4 Rf8 37. Kg4 Kh8 38. Be5 Re8 39. Bf4 c4 40.
Kxh4 cxd3 41. Bxd3 Rd8 42. Bg6 Rd4 43. Kg5 Kg8 44. h4 Rd5+ 45. Kg4 Rb5 46. Bc1
a5 47. Bd3 Re5 48. Bf4 Re7 49. Bc4+ Kh8 50. a4 Re4 51. b3 Re7 52. Kf5 Kh7 53.
Be6 g6+ 54. Kf6 Rb7 55. Bd5 Rd7 56. Bf7 Rd4 57. Bxg6+ Kg8 58. Bg5 Rd6+ 59. Kf5
Rd8 60. Bxd8 {Black resigns} 1-0

[Event "Team 45 45 League T56"]
[Site "Internet Chess Club"]
[Date "2013.03.31"]
[Round "6"]
[White "chiiwen"]
[Black "eurander"]
[Result "1/2-1/2"]
[WhiteElo "2173"]
[BlackElo "2124"]
[Opening "Caro-Kann: classical, Flohr variation"]
[ECO "B18"]
[Time "19:01:09"]
[TimeControl "2700+45"]

1. e4 c6 2. d4 d5 3. Nd2 dxe4 4. Nxe4 Bf5 5. Ng3 Bg6 6. Nh3 e6 7. Nf4 Bd6 8. c3
Qc7 9. Qf3 Nf6 10. Bc4 Nd5 11. Nxg6 hxg6 12. Nf1 Nd7 13. g3 N7f6 14. Bd2 O-O-O
15. Ne3 Nb6 16. Bf1 e5 17. dxe5 Bxe5 18. O-O-O Rd7 19. h4 Kb8 20. Nc4 Nxc4 21.
Bxc4 Nd5 22. Rhe1 Rhd8 23. Bb3 Ka8 24. Qe4 Bf6 25. Qg4 a6 26. Kc2 Qb6 27. Rf1
Qc5 28. Qc4 Qxc4 29. Bxc4 b5 30. Be2 Kb7 31. Bf3 a5 32. Rfe1 Kb6 33. Bg4 Rd6 34.
f4 a4 35. Bf3 R6d7 36. Rh1 Re7 37. Rde1 Red7 38. Re2 a3 39. Bxd5 Rxd5 40. b3
R5d7 41. g4 Rh8 42. Be3+ Kb7 43. Bf2 Rhd8 44. g5 Be7 45. Bd4 Bf8 46. Rf1 Rd5 47.
Be5 Re8 48. Rfe1 Rd7 49. b4 Rde7 50. Kd3 Re6 51. Re4 Kc8 52. Bd4 Rxe4 53. Rxe4
Rxe4 54. Kxe4 Kd7 55. f5 gxf5+ 56. Kxf5 g6+ 57. Kf6 Ke8 58. Ke5 Kd7 59. Kf6 Ke8
60. Ke5 {Game drawn by mutual agreement} 1/2-1/2

[Event "Team 45 45 League T56"]
[Site "Internet Chess Club"]
[Date "2013.03.29"]
[Round "6"]
[White "Bonneville"]
[Black "charles-allen"]
[Result "1-0"]
[WhiteElo "1933"]
[BlackElo "1889"]
[Opening "Queen's pawn game"]
[ECO "D00"]
[Time "12:02:41"]
[TimeControl "2700+45"]

1. d4 d5 2. e3 Nf6 3. Bd2 Bf5 4. h3 Qd6 5. g4 Be4 6. Nf3 h6 7. Ba5 Nbd7 8. Nc3
c6 9. Nxe4 Nxe4 10. c4 b6 11. c5 bxc5 12. Bd3 cxd4 13. Nxd4 e5 14. Nb3 Ndc5 15.
Bxe4 Nxe4 16. f3 Ng5 17. h4 Ne6 18. Rc1 Rb8 19. Qc2 c5 20. O-O c4 21. Na1 Be7
22. Bc3 Bxh4 23. Qa4+ Qd7 24. Qxd7+ Kxd7 25. Bxe5 Rbg8 26. Rcd1 Kc6 27. Nc2 f6
28. Nb4+ Kb5 29. Rxd5+ Kxb4 30. Bc3+ Ka4 31. Ra5# {Black checkmated} 1-0

[Event "Team 45 45 League T56"]
[Site "Internet Chess Club"]
[Date "2013.03.31"]
[Round "6"]
[White "j65536d"]
[Black "bahamapapa"]
[Result "1-0"]
[WhiteElo "1846"]
[BlackElo "1891"]
[Opening "Robatsch defense: three pawns attack"]
[ECO "B06"]
[Time "12:12:54"]
[TimeControl "2700+45"]

1. e4 g6 2. d4 Bg7 3. f4 d5 4. e5 c6 5. Nf3 Bg4 6. h3 Bxf3 7. Qxf3 Qb6 8. Qf2 e6
9. Bd3 Ne7 10. g4 Nd7 11. Nd2 c5 12. c3 cxd4 13. cxd4 Nc6 14. Nb3 a5 15. Be3 a4
16. Nd2 Nb4 17. Qe2 Rc8 18. O-O O-O 19. f5 Nc2 20. f6 Bh8 21. Rac1 Nxe3 22. Qxe3
Rc7 23. Rxc7 Qxc7 24. h4 Rc8 25. h5 Qb6 26. Rb1 Nb8 27. hxg6 fxg6 28. Kg2 Rc7
29. Nf3 Nc6 30. b3 a3 31. Rc1 Nb4 32. Bb1 Rc6 33. Ng5 Qc7 34. f7+ Kf8 35. Nxh7+
Kxf7 36. Qf4+ Kg7 37. Qf8+ Kxh7 38. Rh1# {Black checkmated} 1-0

[Event "Team 45 45 League T56"]
[Site "Internet Chess Club"]
[Date "2013.03.29"]
[Round "6"]
[White "carokantor"]
[Black "scottk74"]
[Result "1-0"]
[WhiteElo "2034"]
[BlackElo "1641"]
[Opening "Sicilian: Alapin's variation (2.c3)"]
[ECO "B22"]
[Time "08:00:37"]
[TimeControl "2700+45"]

1. e4 c5 2. c3 e5 3. Nf3 Nc6 4. Bc4 Nf6 5. Ng5 d5 6. exd5 Nxd5 7. Qf3 Qxg5 8.
Bxd5 Qf6 9. O-O Qxf3 10. Bxf3 Bd7 11. Re1 f6 12. d4 cxd4 13. Bxc6 Bxc6 14. cxd4
O-O-O 15. dxe5 fxe5 16. Nc3 Bb4 17. Bg5 Rde8 18. Rac1 Kb8 19. Bh4 Re6 20. Bg3
Rhe8 21. Re2 Bxc3 22. Rxc3 Rd8 23. f3 Ka8 24. Rxe5 Rxe5 25. Bxe5 Rd2 26. Bxg7
Rxb2 27. Rd3 Rb1+ 28. Kf2 a6 29. Rd8+ Ka7 30. Bd4+ b6 31. Rh8 a5 32. Rxh7+ Ka6
33. h4 Rd1 34. Ke3 Bb5 35. Rh6 Rd3+ 36. Ke4 {Black resigns} 1-0

[Event "Team 45 45 League T56"]
[Site "Internet Chess Club"]
[Date "2013.03.28"]
[Round "6"]
[White "byebyebadman"]
[Black "Tobiasdelmonte"]
[Result "0-1"]
[WhiteElo "1848"]
[BlackElo "1930"]
[Opening "Alekhine's defense: exchange variation"]
[ECO "B03"]
[Time "16:46:01"]
[TimeControl "2700+45"]

1. e4 Nf6 2. e5 Nd5 3. d4 d6 4. c4 Nb6 5. exd6 exd6 6. Nc3 Be7 7. Bd3 Nc6 8.
Nge2 O-O 9. O-O Bg4 10. f3 Bh5 11. b3 Re8 12. Be3 Qd7 13. Qd2 Rad8 14. Nf4 Bg5
15. Ne4 Bxf4 16. Bxf4 Bg6 17. Be3 d5 18. Nc5 Qc8 19. Be2 dxc4 20. bxc4 Ne5 21.
Rac1 c6 22. Rfe1 Ned7 23. Nd3 Nf8 24. Nf4 Bf5 25. g4 Bg6 26. Nxg6 Nxg6 27. Bd3
Qd7 28. Bf5 Qc7 29. Qc2 Nd7 30. Rcd1 Ndf8 31. Bf2 Qf4 32. Qb3 b6 33. Bg3 Rxe1+
34. Rxe1 Qxd4+ 35. Bf2 Qd2 36. Be4 Nf4 37. Qe3 Nh3+ 38. Kf1 Nxf2 39. Qxf2 c5 40.
Qxd2 Rxd2 41. Re2 Rd1+ 42. Re1 Rd2 43. Re2 Rd4 44. Bd5 h6 45. Kf2 Ng6 46. Re8+
Nf8 47. Ra8 Rd2+ 48. Kg3 Rxa2 49. Re8 a5 50. Re7 Ne6 51. Bxe6 fxe6 52. Rxe6 Rb2
53. h4 a4 54. Re8+ Kf7 55. Ra8 Rb4 56. Ra6 Kf6 57. Ra7 Rxc4 58. g5+ hxg5 59.
hxg5+ Kxg5 60. Rxg7+ Kf6 61. Ra7 b5 62. Ra5 Rb4 {White resigns} 0-1

[Event "Team 45 45 League T56"]
[Site "Internet Chess Club"]
[Date "2013.03.30"]
[Round "6"]
[White "Warpdrive"]
[Black "Gorongonde"]
[Result "1-0"]
[WhiteElo "1725"]
[BlackElo "1683"]
[Opening "Sicilian: Scheveningen (Paulsen), classical variation"]
[ECO "B84"]
[Time "21:04:34"]
[TimeControl "2700+45"]

1. e4 c5 2. Nf3 d6 3. d4 cxd4 4. Nxd4 Nf6 5. Nc3 a6 6. Be2 e6 7. Be3 Be7 8. O-O
Nc6 9. f4 Bd7 10. Nxc6 Bxc6 11. Bf3 Qc7 12. Qd4 O-O 13. g4 Nd7 14. Qd2 f5 15.
Qg2 fxe4 16. Bxe4 Bxe4 17. Qxe4 Nc5 18. Qg2 Bf6 19. Rab1 d5 20. Bxc5 Qxc5+ 21.
Kh1 b5 22. Nd1 Rae8 23. c3 Bd8 24. Qf2 Qd6 25. Ne3 Bc7 26. Ng2 g5 27. Qf3 gxf4
28. Rbd1 Rd8 29. Nh4 e5 30. Nf5 Qe6 31. Rfe1 e4 32. Qh3 e3 33. Qf3 Qe4 34. Nd4
Qxf3+ 35. Nxf3 Kg7 36. Re2 Kf6 37. Rd4 h6 38. h3 a5 39. a3 Ke6 40. Kg2 Bb6 41.
Rd1 Rf7 42. h4 Rfd7 43. Nd4+ Bxd4 44. Rxd4 Ke5 45. Kf3 Rc8 46. Rxf4 {Black
resigns} 1-0

[Event "Team 45 45 League T56"]
[Site "Internet Chess Club"]
[Date "2013.04.02"]
[Round "6"]
[White "MinnArkie"]
[Black "vigneshv"]
[Result "1-0"]
[WhiteElo "1590"]
[BlackElo "1667"]
[Opening "English: symmetrical variation"]
[ECO "A37"]
[Time "14:10:39"]
[TimeControl "2700+45"]

1. c4 c5 2. g3 g6 3. Bg2 Bg7 4. Nf3 Nc6 5. Nc3 e6 6. O-O Nge7 7. d3 O-O 8. a3 d5
9. cxd5 exd5 10. e3 Bg4 11. Ne2 Qd7 12. Rb1 Qf5 13. Nh4 Qd7 14. Qc2 Bh3 15. Qxc5
Bxg2 16. Kxg2 Ne5 17. d4 Rfc8 18. Qb4 Nd3 19. Qd2 Nxc1 20. Rfxc1 Bf6 21. Nf3 Qf5
22. Rxc8+ Rxc8 23. Rc1 Rxc1 24. Nxc1 Qe4 25. Qd3 Qg4 26. Ne2 Qe4 27. Qxe4 dxe4
28. Nd2 Kg7 29. Nxe4 Nc8 30. Nxf6 Kxf6 31. Nc3 Ke6 32. Kf3 Nd6 33. Ne4 Nxe4 34.
Kxe4 f5+ 35. Kd3 Kd5 36. f3 b5 37. e4+ fxe4+ 38. fxe4+ Ke6 39. b3 a5 40. a4 bxa4
41. bxa4 Kd6 42. Kc4 Kc6 43. e5 h5 44. d5+ Kb6 45. e6 g5 46. e7 Kb7 {Black
resigns} 1-0

[Event "Team 45 45 League T56"]
[Site "Internet Chess Club"]
[Date "2013.03.31"]
[Round "6"]
[White "Goli"]
[Black "TerryMalloy"]
[Result "1/2-1/2"]
[WhiteElo "1894"]
[BlackElo "1976"]
[Opening "Sicilian: Alapin's variation (2.c3)"]
[ECO "B22"]
[Time "17:02:02"]
[TimeControl "2700+45"]

1. e4 c5 2. c3 Nf6 3. e5 Nd5 4. d4 cxd4 5. cxd4 d6 6. Nf3 Nc6 7. Bc4 Nb6 8. Bb5
dxe5 9. Nxe5 Bd7 10. Bxc6 Bxc6 11. Nxc6 bxc6 12. O-O g6 13. Nc3 Bg7 14. Qf3 Rc8
15. Be3 O-O 16. Rac1 Nc4 17. b3 Nxe3 18. fxe3 e5 19. Ne2 exd4 20. exd4 Bxd4+ 21.
Nxd4 Qxd4+ 22. Qf2 Qxf2+ 23. Rxf2 Rfe8 24. Rfc2 Re6 25. b4 a6 26. a4 Rb8 27. Rc4
Kf8 {Game drawn by mutual agreement} 1/2-1/2

[Event "Team 45 45 League T56"]
[Site "Internet Chess Club"]
[Date "2013.03.29"]
[Round "6"]
[White "matein7"]
[Black "room-matt"]
[Result "1/2-1/2"]
[WhiteElo "1804"]
[BlackElo "1761"]
[Opening "QGA: classical, Rubinstein variation"]
[ECO "D27"]
[Time "16:01:37"]
[TimeControl "2700+45"]

1. d4 d5 2. c4 dxc4 3. Nf3 Nf6 4. e3 e6 5. Bxc4 c5 6. O-O a6 7. a4 Nc6 8. Nc3
Be7 9. Re1 cxd4 10. exd4 O-O 11. Bf4 Nd5 12. Bg3 Ncb4 13. Ne4 f5 14. Nc5 f4 15.
Nxe6 Bxe6 16. Rxe6 fxg3 17. hxg3 Qd7 18. Qe1 Rae8 19. Qe5 Rf6 20. Re1 Rxe6 21.
Qxe6+ Qxe6 22. Rxe6 Kf8 23. Ne5 Rd8 24. Kf1 Nc7 25. Rb6 Rxd4 26. Rxb7 Bd6 27.
Rb8+ Ke7 28. Rxb4 Bxb4 29. Nc6+ {Game drawn by mutual agreement} 1/2-1/2

[Event "Team 45 45 League T56"]
[Site "Internet Chess Club"]
[Date "2013.04.01"]
[Round "6"]
[White "tsia68"]
[Black "Buford-Julep"]
[Result "1/2-1/2"]
[WhiteElo "1735"]
[BlackElo "1697"]
[Opening "English: Neo-Catalan"]
[ECO "A13"]
[Time "10:00:36"]
[TimeControl "2700+45"]

1. Nf3 d5 2. c4 e6 3. g3 Nf6 4. b3 Be7 5. Bg2 O-O 6. Bb2 c5 7. O-O Nbd7 8. e3
Qc7 9. Nc3 a6 10. cxd5 Nxd5 11. Nxd5 exd5 12. d4 Bf6 13. Rc1 Qa5 14. Qc2 cxd4
15. Bxd4 Bxd4 16. Nxd4 Nf6 17. Qc3 Qxc3 18. Rxc3 Bg4 19. Rfc1 Rac8 20. Rxc8
{Game drawn by mutual agreement} 1/2-1/2

[Event "Team 45 45 League T56"]
[Site "Internet Chess Club"]
[Date "2013.03.29"]
[Round "6"]
[White "bondguy01"]
[Black "Ayensa80"]
[Result "1-0"]
[WhiteElo "1672"]
[BlackElo "1710"]
[Opening "Grünfeld: Russian variation"]
[ECO "D97"]
[Time "18:01:11"]
[TimeControl "2700+45"]

1. d4 Nf6 2. c4 g6 3. Nc3 d5 4. Nf3 Bg7 5. Qb3 dxc4 6. Qxc4 Nc6 7. e4 Bg4 8. d5
Bxf3 9. gxf3 Ne5 10. Qe2 c6 11. f4 Ned7 12. dxc6 bxc6 13. Bg2 e5 14. O-O O-O 15.
Be3 Qc7 16. fxe5 Rae8 17. exf6 {Black resigns} 1-0

[Event "Team 45 45 League T56"]
[Site "Internet Chess Club"]
[Date "2013.03.29"]
[Round "6"]
[White "Hal2001"]
[Black "Invicta-Knight"]
[Result "1-0"]
[WhiteElo "1656"]
[BlackElo "1477"]
[Opening "Sicilian: Grand Prix attack"]
[ECO "B23"]
[Time "06:09:56"]
[TimeControl "2700+45"]

1. e4 c5 2. Nc3 Nc6 3. f4 g6 4. Nf3 Bg7 5. Bb5 e6 6. Bxc6 bxc6 7. O-O Ne7 8. d3
O-O 9. Qe1 Bb7 10. Qh4 Nc8 11. Qh3 d5 12. e5 Ne7 13. g4 f6 14. exf6 Bxf6 15. Bd2
Qc7 16. g5 Bg7 17. Qxe6+ Rf7 18. Ne5 Bxe5 19. Qxe5 Qxe5 20. fxe5 Nf5 21. Rf4 Re8
22. Re1 Rfe7 23. Na4 Rxe5 24. Rxe5 Rxe5 25. Nxc5 Nd4 26. Rxd4 {Black resigns}
1-0

[Event "Team 45 45 League T56"]
[Site "Internet Chess Club"]
[Date "2013.04.01"]
[Round "6"]
[White "dscvdchk"]
[Black "MinnArkie"]
[Result "1-0"]
[WhiteElo "1529"]
[BlackElo "1569"]
[Opening "English: symmetrical, main line with d4"]
[ECO "A39"]
[Time "09:12:28"]
[TimeControl "2700+45"]

1. c4 c5 2. Nf3 Nc6 3. Nc3 Nf6 4. g3 g6 5. Bg2 Bg7 6. O-O O-O 7. d4 cxd4 8. Nxd4
a6 9. Nxc6 dxc6 10. Qc2 Qc7 11. e4 e5 12. Re1 Be6 13. b3 Nd7 14. Bb2 f5 15. exf5
Bxf5 16. Qe2 Nc5 17. Ne4 Ne6 18. Rad1 Rad8 19. Qe3 Nd4 20. Qc1 Bg4 21. Bxd4 Bxd1
22. Bc5 Rfe8 23. Rxd1 Rxd1+ 24. Qxd1 Rd8 25. Bd6 Qa5 26. Qc2 Bh6 27. b4 Qa3 28.
Bxe5 Qxb4 29. Bc3 Qxc4 30. Bf1 Qf7 31. Nf6+ Kh8 32. Nh5+ Kg8 33. Nf6+ Kh8 34.
Nh5+ Kg8 35. Bb2 Rd2 36. Nf6+ Kh8 37. Ne4+ Kg8 38. Nxd2 Bxd2 39. Bc4 {Black
resigns} 1-0

[Event "Team 45 45 League T56"]
[Site "Internet Chess Club"]
[Date "2013.03.30"]
[Round "6"]
[White "medsurg"]
[Black "BrerRabbit"]
[Result "1/2-1/2"]
[WhiteElo "1336"]
[BlackElo "1474"]
[Opening "Pirc: classical, h3 system"]
[ECO "B08"]
[Time "19:01:38"]
[TimeControl "2700+45"]

1. e4 d6 2. d4 Nf6 3. Nc3 g6 4. Nf3 Bg7 5. h3 O-O 6. Be3 a6 7. a4 a5 8. Be2 Nc6
9. Nd2 e5 10. dxe5 dxe5 11. O-O Be6 12. Bc4 Nd4 13. Bxe6 Nxe6 14. Nc4 Nd4 15. f3
Ne8 16. Ne2 Nxe2+ 17. Qxe2 b6 18. Rfd1 Qe7 19. Rd3 Nf6 20. Rad1 Rad8 21. Rxd8
Rxd8 22. Rxd8+ Qxd8 23. Nxe5 Qe8 24. Qb5 Qxb5 25. axb5 Ne8 26. Nc4 Kf8 27. f4
Ke7 28. b3 Ke6 29. Kf2 h5 30. Kf3 Bc3 31. g4 hxg4+ 32. hxg4 f5 33. gxf5+ gxf5
34. Bc1 {Game drawn by mutual agreement} 1/2-1/2

[Event "Team 45 45 League T56"]
[Site "Internet Chess Club"]
[Date "2013.04.01"]
[Round "6"]
[White "sere"]
[Black "rhayder"]
[Result "0-1"]
[WhiteElo "1193"]
[BlackElo "1338"]
[Opening "Ruy Lopez: exchange variation, 5.O-O"]
[ECO "C68"]
[Time "04:32:22"]
[TimeControl "2700+45"]

1. e4 e5 2. Nf3 Nc6 3. Bb5 a6 4. Bxc6 dxc6 5. O-O Nf6 6. Nxe5 Qd4 7. Nf3 Qa7 8.
Nc3 Bc5 9. d4 Bb6 10. Qd3 Bg4 11. Bg5 Bxf3 12. Qxf3 Bxd4 13. Bxf6 Bxf6 14. Rad1
O-O 15. Rfe1 Qc5 16. Qg3 Bxc3 17. bxc3 Qe7 18. Qg4 Rad8 19. Rb1 b6 20. Re3 Rd2
21. Rg3 Qf6 22. Rd1 Qxf2+ 23. Kh1 Rxd1+ 24. Qxd1 Re8 25. Rf3 Qh4 26. Qf1 Qxe4
27. Rd3 Qe1 28. Qxe1 Rxe1# {White checkmated} 0-1

[Event "Team 45 45 League T56"]
[Site "Internet Chess Club"]
[Date "2013.03.29"]
[Round "6"]
[White "bmw2002"]
[Black "pereelcoix"]
[Result "0-1"]
[WhiteElo "1545"]
[BlackElo "1569"]
[Opening "English: symmetrical variation"]
[ECO "A37"]
[Time "06:08:20"]
[TimeControl "2700+45"]

1. c4 c5 2. g3 Nc6 3. Bg2 g6 4. Nc3 Bg7 5. Nf3 d6 6. O-O Nh6 7. d3 O-O 8. Rb1
Bg4 9. h3 Bxf3 10. Bxf3 Nf5 11. Bd2 Qc7 12. a3 Nfd4 13. Bg2 b6 14. e3 Nf5 15. b4
cxb4 16. axb4 Rac8 17. Qa4 Ne5 18. Nd5 Qb8 19. Qb3 e6 20. Nf4 b5 21. cxb5 Qxb5
22. Rfc1 Rxc1+ 23. Rxc1 g5 24. Nh5 Nxd3 25. Rc7 Ne5 26. Nxg7 Nxg7 27. Rxa7 Rc8
28. Rb7 Qe2 29. Bc3 Nd3 30. Qc4 Rf8 31. Qg4 Qxf2+ 32. Kh2 Qxe3 33. Bd4 Qd2 34.
h4 Ne1 35. Qe4 d5 36. Qe5 Qxg2# {White checkmated} 0-1

[Event "Team 45 45 League T56"]
[Site "Internet Chess Club"]
[Date "2013.04.01"]
[Round "6"]
[White "AlPearson"]
[Black "otib2006"]
[Result "1-0"]
[WhiteElo "1314"]
[BlackElo "1311"]
[Opening "QGD: 6.Nf3"]
[ECO "D55"]
[Time "14:21:01"]
[TimeControl "2700+45"]

1. d4 d5 2. c4 Nf6 3. Nf3 e6 4. Nc3 Be7 5. Bg5 O-O 6. e3 Nc6 7. Be2 Bb4 8. O-O
Bxc3 9. bxc3 h6 10. Bf4 Bd7 11. Qb3 b6 12. Ne5 Ne4 13. Nxc6 Bxc6 14. Rfd1 a6 15.
Bf3 Qd7 16. a4 b5 17. axb5 axb5 18. cxb5 Bxb5 19. Qb2 Rxa1 20. Rxa1 Bc6 21. Ra7
Ra8 22. Rxa8+ Bxa8 23. Qb8+ Kh7 24. Qxa8 Nxc3 25. Qa5 Nb5 26. Be2 Nd6 27. Bd3+
f5 28. g4 g5 29. Be5 Qf7 30. Qa8 Qg8 31. Qxg8+ Kxg8 32. gxf5 exf5 33. Bxd6 cxd6
34. Bxf5 Kg7 35. Be6 Kf6 36. Bxd5 Kf5 37. Kg2 h5 38. Bb7 h4 39. Bc8+ Kf6 40. Kf3
Kg6 41. Kg4 Kf6 42. f4 gxf4 43. Kxf4 Kg6 44. Kg4 Kf6 45. Kxh4 Ke7 46. Kg5 Kd8
47. Kf6 Kxc8 48. Ke6 Kc7 49. h4 Kc6 50. h5 {Black resigns} 1-0

[Event "Team 45 45 League T56"]
[Site "Internet Chess Club"]
[Date "2013.03.30"]
[Round "6"]
[White "ilovechess"]
[Black "JohLeb"]
[Result "0-1"]
[WhiteElo "1440"]
[BlackElo "1346"]
[Opening "Sicilian: Labourdonnais-Löwenthal variation"]
[ECO "B32"]
[Time "13:00:17"]
[TimeControl "2700+45"]

1. e4 c5 2. Nf3 Nc6 3. d4 cxd4 4. Nxd4 e5 5. Nb3 Nf6 6. Nc3 a6 7. Bg5 Be7 8. Bc4
O-O 9. O-O d6 10. Qf3 Be6 11. Bxe6 fxe6 12. Qg3 Rf7 13. Qh3 Qd7 14. Rad1 b6 15.
Rd2 Rd8 16. Rfd1 Ne8 17. Be3 Rb8 18. Nd5 Bd8 19. Nc3 Bc7 20. Ne2 Qe7 21. Ng3 Rd8
22. Qg4 Rd7 23. Bg5 Nf6 24. Qh4 Qe8 25. Nh5 Nxh5 26. Qxh5 g6 27. Qh4 a5 28. Rd3
a4 29. Nd2 b5 30. Rh3 Bb6 31. Nf3 Nd4 32. Nxd4 Bxd4 33. Rd2 b4 34. c3 bxc3 35.
bxc3 Bc5 36. Bf6 Qb8 37. g3 d5 38. Qg5 Qb1+ 39. Kg2 Qxe4+ 40. f3 Qf5 41. f4 Qxf6
42. Qxe5 Qxe5 43. fxe5 Rf5 44. Re2 Rdf7 45. g4 Rf2+ 46. Rxf2 Rxf2+ 47. Kg3 Rxa2
48. Kf4 Kg7 49. c4 Rd2 50. Rc3 Rd4+ 51. Kf3 Rxc4 52. Rd3 a3 53. Rb3 g5 54. Rb7+
Kg6 55. Rb8 Rf4+ 56. Kg3 Kf7 57. Rb7+ Be7 58. Ra7 Re4 59. h3 Rxe5 60. Kf2 Re4
61. Kf3 Rc4 62. Kg2 d4 63. Kf2 Rc3 64. Kg2 Kf6 65. Ra5 d3 66. Kf2 Rc2+ 67. Ke3
d2 68. Ke2 a2 69. Ra4 Rc1 70. Kxd2 a1=Q 71. h4 Qc3+ 72. Ke2 Rc2+ 73. Kd1 Qd3+
74. Ke1 Re2+ 75. Kf1 Qf3+ 76. Kg1 Rg2+ 77. Kh1 Qh3# {White checkmated} 0-1

[Event "Team 45 45 League T56"]
[Site "Internet Chess Club"]
[Date "2013.04.01"]
[Round "6"]
[White "rgadoury"]
[Black "hi12980"]
[Result "0-1"]
[WhiteElo "1211"]
[BlackElo "1746"]
[Opening "Sicilian: closed"]
[ECO "B23"]
[Time "21:23:28"]
[TimeControl "2700+45"]

1. e4 c5 2. Nc3 d6 3. Bc4 Nc6 4. d3 Nf6 5. f4 e6 6. Nf3 Be7 7. O-O O-O 8. Bd2 a6
9. a3 b5 10. Bb3 Qb6 11. Kh1 Ng4 12. h3 Nf6 13. Qe1 Bb7 14. Qe2 Nh5 15. Kh2 g6
16. Qe1 Qd8 17. Ne2 Rc8 18. f5 exf5 19. exf5 gxf5 20. c3 d5 21. Nf4 Qc7 22. Nh4
Bd6 23. Kh1 Bxf4 24. Bxf4 Nxf4 25. Qg3+ Ng6 26. Qxc7 Rxc7 27. Nxg6 hxg6 28. Bxd5
Rd8 29. Bf3 Rxd3 30. Rf2 Ne5 31. Bxb7 Rxb7 {White resigns} 0-1

[Event "Team 45 45 League T56"]
[Site "Internet Chess Club"]
[Date "2013.03.30"]
[Round "6"]
[White "RdgMx"]
[Black "LittleButton"]
[Result "1/2-1/2"]
[WhiteElo "1838"]
[BlackElo "1799"]
[Opening "Queen's pawn: Torre attack"]
[ECO "A46"]
[Time "10:02:04"]
[TimeControl "2700+45"]

1. d4 Nf6 2. Nf3 e6 3. Bg5 c5 4. c3 b6 5. e3 Be7 6. Nbd2 Bb7 7. Bd3 cxd4 8. exd4
d6 9. O-O O-O 10. Re1 Nbd7 11. Qa4 Nd5 12. Bxe7 Qxe7 13. Qa3 N7f6 14. g3 Qc7 15.
Ng5 Ne7 16. Nge4 Nxe4 17. Bxe4 Bxe4 18. Nxe4 d5 19. Ng5 Ng6 20. f4 Rfe8 21. Qb3
Ne7 22. Qc2 g6 23. Qe2 Nf5 24. Qe5 Qxe5 25. fxe5 h6 26. Nf3 b5 27. a4 b4 28.
cxb4 Reb8 29. b5 a6 30. g4 Ne7 31. Rec1 axb5 32. a5 Rc8 33. Rc3 Rxc3 34. bxc3
Nc6 35. a6 Nb8 36. a7 Nc6 37. Ra6 Ne7 38. Ra5 Nc6 39. Ra6 Ne7 40. Kf2 Nc8 41.
Ke3 Rxa7 42. Rxa7 Nxa7 {Game drawn by mutual agreement} 1/2-1/2